Map: Disco Bloodbath LE

Players

Elazer

  • Race: Zerg Zerg
  • Spawn Location: 9:00

Trap - Winner!

  • Race: Protoss Protoss
  • Spawn Location: 3:00

Event: 2019 WCS Global FInals

VOD

Have the link to the VOD?

Description

Time

  • Played on: Oct. 26, 2019, 11:36 p.m.
  • Length: 8:32

All games in this series

Show
View Real Time Build Order
Export as new Build Order

Elazer Zerg 

Build Orders: Hatch First 

Get SALT Encoding   

  12  0:00  Drone  
  13  0:12  Overlord  
  13  0:16  Drone  
  14  0:30  Drone x2  
  16  0:46  Hatchery  
  15  0:50  Drone  
  15  0:53  Drone  
  17  0:57  Drone  
  18  1:07  Extractor  
  17  1:12  Spawning Pool  
  17  1:15  Drone  
  17  1:18  Drone  
  18  1:30  Drone  
  19  1:39  Drone  
  21  1:52  Hatchery  
  21  1:54  Overlord  
  20  1:59  Queen  
  20  2:00  Roach Warren  
  21  2:04  Zergling x2  
  22  2:14  Overlord  
  22  2:34  Queen  
  24  2:39  Roach x2  
  28  2:45  Drone  
  29  2:55  Drone  
  30  3:02  Ravager x2  
  30  3:05  Queen  
  32  3:06  Drone x2  
  32  3:07  Drone  
  32  3:08  Drone  
  32  3:09  Drone  
  39  3:23  Hatchery  
  39  3:25  Drone  
  39  3:30  Drone  
  39  3:32  Drone  
  41  3:35  Drone  
  42  3:45  Drone  
  42  3:46  Drone  
  42  3:47  Overlord  
  44  3:53  Drone  
  44  3:57  Drone  
  44  4:00  Drone  
  44  4:05  Spore Crawler  
  44  4:06  Overlord, Drone x2  
  44  4:08  Drone  
  46  4:14  Spore Crawler  
  46  4:16  Queen  
  45  4:20  Drone  
  45  4:22  Drone  
  49  4:24  Drone  
  49  4:25  Drone  
  49  4:30  Overlord  
  51  4:31  Drone  
  51  4:38  Spore Crawler, Drone x2  
  50  4:42  Extractor  
  50  4:43  Drone x2  
  52  4:46  Drone  
  52  4:49  Spore Crawler  
  52  4:51  Drone x2  
  55  4:54  Metabolic Boost  
  55  4:58  Drone x2  
  57  5:01  Drone x2  
  57  5:06  Lair  
  59  5:08  Drone  
  59  5:10  Drone  
  59  5:12  Drone  
  58  5:15  Drone x2  
  58  5:17  Drone  
  58  5:19  Drone  
  59  5:23  Drone x2  
  59  5:25  Drone  
  59  5:26  Pneumatized Carapace  
  59  5:28  Drone  
  63  5:29  Drone  
  63  5:32  Drone  
  63  5:35  Drone  
  66  5:42  Overlord  
  66  5:45  Extractor  
  66  5:46  Extractor  
  66  5:49  Drone x5  
  65  5:53  Drone  
  66  5:58  Overlord  
  66  6:00  Queen  
  66  6:01  Drone x6  
  66  6:03  Overlord  
  74  6:06  Overseer  
  74  6:09  Overlord  
  74  6:12  Overlord  
  74  6:16  Extractor  
  74  6:18  Extractor  
  72  6:19  Drone x6  
  77  6:27  Zergling x2  
  77  6:28  Zergling x8  
  77  6:30  Overlord  
  77  6:31  Drone x4  
  77  6:32  Drone  
  83  6:35  Drone  
  83  6:36  Drone  
  82  6:42  Overlord  
  82  6:46  Drone, Extractor  
  82  6:49  Drone  
  83  6:55  Drone x2  
  83  6:56  Queen  
  83  6:59  Drone x6  
  82  7:02  Drone  
  82  7:04  Drone  
  82  7:10  Overlord  
  82  7:13  Evolution Chamber  
  82  7:15  Roach x2  
  85  7:18  Overseer  
  85  7:20  Roach  
  86  7:26  Roach x7  
  86  7:29  Overlord  
  100  7:35  Baneling Nest, Roach  
  100  7:36  Roach  
  103  7:39  Overlord  
  103  7:40  Ravager  
  104  7:48  Roach x3  
  110  7:52  Overlord  
  110  7:54  Roach x2  
  114  7:59  Overlord  
  114  8:00  Roach  
  114  8:01  Roach x4  
  123  8:12  Roach x2  
  125  8:13  Roach x3  
Show
View Real Time Build Order
Export as new Build Order

Trap Protoss - Winner!

Build Orders: Oracle Opening, Zealot Archon 

Get SALT Encoding   

  12  0:00  Probe  
  13  0:12  Probe  
  14  0:18  Pylon  
  14  0:24  Probe  
  15  0:37  Probe (Chrono Boost)  
  16  0:43  Gateway  
  16  0:46  Probe (Chrono Boost)  
  17  0:51  Probe (Chrono Boost)  
  17  0:55  Forge  
  18  1:03  Probe  
  19  1:05  Assimilator  
  19  1:15  Probe  
  20  1:26  Pylon  
  20  1:34  Pylon  
  20  1:35  Pylon  
  20  1:44  Photon Cannon  
  20  1:45  Cybernetics Core  
  20  1:50  Probe  
  21  2:04  Nexus  
  21  2:08  Probe  
  22  2:15  Assimilator  
  22  2:19  Adept (Chrono Boost)  
  22  2:20  Probe  
  25  2:28  Pylon  
  25  2:32  Probe  
  25  2:34  Warp Gate  
  26  2:39  Adept (Chrono Boost)  
  28  2:44  Probe  
  29  2:57  Stargate  
  29  2:58  Probe  
  30  3:03  Adept  
  32  3:10  Probe  
  34  3:20  Probe (Chrono Boost)  
  34  3:25  Probe (Chrono Boost)  
  35  3:32  Probe (Chrono Boost)  
  37  3:37  Pylon  
  37  3:38  Probe x2 (Chrono Boost)  
  37  3:40  Oracle (Chrono Boost)  
  38  3:46  Probe x2  
  41  3:58  Probe x2  
  41  4:03  Gateway  
  41  4:05  Gateway  
  41  4:08  Oracle (Chrono Boost)  
  41  4:10  Probe x2  
  41  4:16  Assimilator  
  46  4:18  Pylon  
  46  4:20  Assimilator  
  46  4:22  Stalker, Probe  
  49  4:25  Probe  
  49  4:30  Robotics Facility  
  50  4:34  Probe  
  50  4:37  Probe  
  52  4:47  Probe  
  52  4:48  Oracle (Chrono Boost)  
  52  4:49  Probe  
  52  4:50  Pylon  
  57  5:04  Nexus  
  57  5:05  Probe  
  57  5:06  Pylon, Probe  
  59  5:16  Warp Prism (Chrono Boost)  
  59  5:20  Protoss Ground Weapons Level 1  
  61  5:23  Phoenix  
  61  5:27  Pylon  
  63  5:29  Sentry  
  63  5:30  Probe, Sentry  
  63  5:32  Probe  
  69  5:37  Adept  
  71  5:43  Probe  
  71  5:44  Probe  
  71  5:46  Immortal (Chrono Boost)  
  77  5:55  Probe  
  77  5:56  Probe  
  77  5:57  Twilight Council  
  79  6:07  Gateway x2  
  79  6:09  Gateway  
  79  6:11  Sentry  
  81  6:12  Sentry  
  81  6:16  Probe x2  
  85  6:19  Probe  
  85  6:27  Immortal  
  85  6:28  Charge (Chrono Boost)  
  85  6:30  Probe x2  
  85  6:31  Probe  
  92  6:41  Gateway  
  92  6:46  Templar Archives  
  92  6:47  Gateway, Pylon  
  92  6:49  Probe x2  
  92  6:50  Probe  
  92  7:04  Immortal (Chrono Boost)  
  92  7:08  Zealot x5  
  99  7:13  Pylon  
  99  7:15  Pylon  
  103  7:17  Photon Cannon  
  103  7:24  Zealot  
  103  7:26  Assimilator  
  103  7:27  Assimilator  
  103  7:29  Pylon  
  105  7:34  Observer (Chrono Boost)  
  106  7:42  Zealot  
  106  7:43  Zealot x3  
  114  7:46  Pylon  
  114  7:47  Pylon, Zealot x2, High Templar x2  
  122  7:51  Archon  
  122  7:57  Probe x3  
  125  8:03  Pylon  
  123  8:14  Zealot x6  
  123  8:19  Zealot x2  
Tags
 
Add a new tag
Caveats
  • Supply blocks, unpowered buildings, or Contaminate may cause inaccurate times.
  • Supply counts are checked every 10 seconds.